 Dungeon Crawl Stone Soup version 0.29-a0-1065-g47a6bb87d6 (webtiles) character file.

Game seed: 4354784674315763271

453 siradein the Charlatan (level 6, 0/50 HPs)
             Began as a Demonspawn Artificer on Aug 18, 2022.
             Was an Initiate of Kikubaaqudgha.
             Splashed by a jelly's acid (5 damage)
             ... on level 4 of the Dungeon.
             The game lasted 00:08:42 (4461 turns).

siradein the Charlatan (Demonspawn Artificer)       Turns: 4461, Time: 00:08:42

Health: 0/50       AC: -8    Str: 13    XL:     6   Next: 75%
Magic:  7/7        EV: 11    Int: 14    God:    Kikubaaqudgha [......]
Gold:   158        SH:  5    Dex: 13    Spells: 7/7 levels left

rFire   . . .      SeeInvis .   y - +0 rapier
rCold   . . .      Faith    .   (no shield)
rNeg    . . .      Spirit   .   b - +0 leather armour
rPois   .          Reflect  +   (no helmet)
rElec   .          Harm     .   (no cloak)
rCorr   .          Rampage  .   (no gloves)
Will    .....                   (no boots)
Stlth   +.........              v - amulet of reflection
HPRegen 0.16/turn               (no ring)
MPRegen 0.20/turn               (no ring)

@: corroded
A: foul stench 1, magic regeneration, weakness stinger 1
a: Renounce Religion


You were on level 4 of the Dungeon.
You worshipped Kikubaaqudgha.
Kikubaaqudgha was noncommittal.
You visited 1 branch of the dungeon, and saw 4 of its levels.

You collected 158 gold pieces.

Inventory:

Hand Weapons
 y - a +0 rapier (weapon)
Armour
 b - a +0 leather armour (worn)
Jewellery
 u - an amulet of magic regeneration
 v - an amulet of reflection (around neck)
Wands
 c - a wand of flame (6) (quivered)
 d - a wand of charming (15)
 e - a wand of iceblast (5)
 x - a wand of light (12)
 E - a wand of polymorph (4)
Scrolls
 a - a scroll of enchant armour {unknown}
 f - a scroll of torment {unknown}
 g - a scroll of silence {unknown}
 h - a scroll of summoning {unknown}
 i - a scroll of poison {unknown}
 k - 3 scrolls of teleportation
 n - a scroll of noise {unknown}
 q - a scroll of acquirement {unknown}
 t - 3 scrolls of amnesia
 w - 2 scrolls of blinking {unknown}
 D - a scroll of brand weapon {unknown}
Potions
 j - 2 potions of curing
 l - 2 potions of mutation {unknown}
 m - a potion of resistance {unknown}
 o - 2 potions of might {unknown}
 p - 3 potions of heal wounds
 r - 2 potions of haste {unknown}
 s - a potion of flight {unknown}
 z - a potion of degeneration {unknown}
 A - 2 potions of attraction {unknown}
 B - a potion of lignification {unknown}
 C - a potion of cancellation {unknown}


   Skills:
 + Level 4.8 Fighting
 - Level 1.7 Armour
 - Level 0.8 Dodging
 - Level 0.8 Stealth
 + Level 1.0 Spellcasting
 + Level 1.2 Necromancy
 + Level 5.6 Evocations


You had 7 spell levels left.
You didn't know any spells.
Your spell library contained the following spells:

 Spells                   Type           Power      Damage    Failure   Level
 Sting                    Tmut/Pois      0%         1d3       32%         1
 Blink                    Tloc           0%         N/A       45%         2
 Poisonous Vapours        Pois/Air       0%         N/A       45%         2
 Lesser Beckoning         Tloc           0%         N/A       69%         3
 Olgreb's Toxic Radiance  Pois           0%         N/A       97%         4
 Manifold Assault         Tloc           0%         N/A       100%        5
 Summon Forest            Summ/Tloc      0%         N/A       100%        5
 Eringya's Noxious Bog    Tmut/Pois      0%         N/A       100%        6
 Summon Hydra             Summ           0%         N/A       100%        7


Dungeon Overview and Level Annotations

Branches:
Dungeon (4/15)
 Temple: D:4-7

Altars:
Ashenzari
Fedhas
Kikubaaqudgha

Shops:
D:3 (


Innate Abilities, Weirdness & Mutations

You may rarely emit foul miasma when damaged in melee.
You regenerate magic rapidly.
You have a small tail.


Message History

Found 5 stones.
You see here 5 stones.
Found a falchion.
You see here a +0 falchion.
You see here a +0 falchion.
You see here a +0 dagger.
Key pressed, stopping explore.
A jelly comes into view.
The jelly quivers.
A jelly is nearby!
A jelly is nearby!
The jelly hits you.
You are splashed with acid!
You hit the jelly.
Your hands burn!
The jelly is moderately wounded.
The jelly barely misses you.
You hit the jelly.
Your hands burn!
You tail-slap the jelly.
The jelly is heavily wounded.
The jelly hits you but does no damage. The jelly misses you.
You completely miss the jelly.
You tail-slap the jelly, but do no damage.
The jelly is moderately wounded.
The jelly closely misses you.
You puncture the jelly!
Your hands burn!
The jelly is severely wounded.
The jelly hits you. The acid corrodes you!
You are splashed with acid!
You are too injured to fight recklessly!
You are too injured to fight recklessly!
You are too injured to fight recklessly!
You hit the jelly but do no damage. The acid corrodes you!
Your hands burn!
The jelly is severely wounded.
The jelly hits you.
You are splashed with acid!
* * * LOW HITPOINT WARNING * * *
You hit the jelly. The acid corrodes you!
Your hands burn!
* * * LOW HITPOINT WARNING * * *
You tail-slap the jelly, but do no damage.
The jelly is almost dead.
The jelly closely misses you.
You hit the jelly but do no damage.
Your hands burn!
You die...
Kikubaaqudgha rasps: "You have failed me!
Welcome... death!"

#.########## ##.#
#..##...# #.##.....##
. ##.##......# ..
#..##......## #...
##.##........#
####.....
#..##........###.....#
#..##........#..@J#
...##...........###
...#.........####
...#.......### ####
.......<.### ###..#
.......### ###....#
###..### ##......##
#..# ##........# ##.#
##.........#


You could see a jelly.

Vanquished Creatures
  Grinder (D:3)
  A phantom (D:4)
  Natasha (twice) (D:4)
  4 adders
  2 dart slugs (D:1)
  4 orcs (D:4)
  7 bats
  4 endoplasms
  4 giant cockroaches
  12 goblins
  2 hobgoblins
  4 jackals (D:4)
  4 kobolds
  3 quokkas
  3 ball pythons
  4 frilled lizards
  9 rats
70 creatures vanquished.

Notes
Turn   | Place    | Note
-------+----------+-------------------------------------------
     0 | D:1      | siradein the Demonspawn Artificer began the quest for the
                  | Orb.
     0 | D:1      | Reached XP level 1. HP: 15/15 MP: 1/1
   380 | D:1      | Gained mutation: You have a small tail. [demonic ancestry]
   380 | D:1      | Reached XP level 2. HP: 21/21 MP: 2/2
   856 | D:1      | Reached XP level 3. HP: 27/27 MP: 3/3
  1815 | D:3      | Found Supsijoj's Weapon Boutique.
  2001 | D:3      | Found a broken altar of Ashenzari.
  2009 | D:3      | Noticed Grinder
  2026 | D:3      | Paralysed by Grinder for 5 turns
  2035 | D:3      | Paralysed by Grinder for 4 turns
  2040 | D:3      | Killed Grinder
  2041 | D:3      | Reached skill level 5 in Evocations
  2041 | D:3      | Reached XP level 4. HP: 17/37 MP: 4/4
  2041 | D:3      | Gained mutation: You regenerate magic rapidly. [demonic
                  | ancestry]
  2041 | D:3      | Reached XP level 5. HP: 19/42 MP: 5/5
  2256 | D:3      | Gained mutation: You may rarely emit foul miasma when
                  | damaged in melee. [demonic ancestry]
  2256 | D:3      | Reached XP level 6. HP: 48/48 MP: 6/6
  2523 | D:3      | Found an ancient bone altar of Kikubaaqudgha.
  2551 | D:3      | Became a worshipper of Kikubaaqudgha
  2881 | D:4      | Noticed Natasha
  3035 | D:4      | Killed Natasha
  3347 | D:4      | Found a blossoming altar of Fedhas.
  3780 | D:4      | Noticed Natasha
  3803 | D:4      | Killed Natasha
  3944 | D:4      | Reached skill level 1 in Necromancy
  4080 | D:4      | Reached skill level 1 in Spellcasting
  4461 | D:4      | Splashed by a jelly's acid

Illustrated notes

Levels and vault maps discovered:
D:1:      sevenhm_arrival_forest_fort_small_3, layout_basic,
          minmay_misc_feat_rows
D:2:      layout_basic
D:3:      layout_basic, mainiacjoe_overflow_catwalk_spiral, serial_shops,
          nicolae_shop_bloodbath_and_beyond, uniq_grinder
D:4:      layout_cave_pods, fedhas_altar_fruit_tree, uniq_natasha

Skill      XL: |  1  2  3  4  5  6 |
---------------+-------------------+-----
Fighting       | 2 4 |  4.8
Evocations     | 5 |  5.6
Necromancy     | 1 |  1.2
Spellcasting   | 1 |  1.0
Armour         | |  1.7
Dodging        | |  0.8
Stealth        | |  0.8

Action                   |  1- 3 |  4- 6 || total
-------------------------+-------+-------++-------
Melee: Club              |    24 |       ||    24
       Dagger            |   112 |    99 ||   211
       Punch             |     2 |     4 ||     6
       Tailslap          |    11 |    19 ||    30
       Rapier            |       |    68 ||    68
Evoke: Wand              |    10 |       ||    10
  Use: Scroll            |       |     4 ||     4
Armor: Leather armour    |    42 |    44 ||    86
Dodge: Dodged            |    78 |    99 ||   177
Block: Other             |     3 |    35 ||    38
       Reflection        |       |     1 ||     1

Table legend: (Time is in decaauts)
 A = Elapsed time spent in this place.
 B = Non-inter-level travel time spent in this place.
 C = Inter-level travel time spent in this place.
 D = Time resting spent in this place.
 E = Time spent auto-exploring this place.
 F = Levels seen in this place.
 G = Mean time per level.
                   A        B        C        D        E       F      G
               +--------+--------+--------+--------+--------+-----+--------+
         Total |   4479 |   4407 |     72 |     34 |   3623 |   4 | 1119.8 |
       Dungeon |   4479 |   4407 |     72 |     34 |   3623 |   4 | 1119.8 |
               +--------+--------+--------+--------+--------+-----+--------+

Top non-repeatable levels by time:
     D:4: 1741 daAuts
     D:1: 997 daAuts
     D:3: 922 daAuts
     D:2: 816 daAuts
